 Dungeon Crawl Stone Soup version 0.29-a0-919-gd064cfad1c (webtiles) character file.

Game seed: 17625724783657538201

33 frimble the Magician (level 3, 0/25 HPs)
             Began as a Demonspawn Hedge Wizard on July 27, 2022.
             Slain by Duvessa
             ... wielding a +0 short sword
              (9 damage)
             ... on level 4 of the Dungeon.
             The game lasted 00:02:05 (2026 turns).

frimble the Magician (Demonspawn Hedge Wizard)      Turns: 2026, Time: 00:02:05

Health: 0/25       AC:  5    Str: 10    XL:     3   Next: 12%
Magic:  7/7        EV: 12    Int: 15    God:
Gold:   78         SH:  0    Dex: 14    Spells: 7/8 levels left

rFire   . . .      SeeInvis .   i - +3 short sword (venom)
rCold   . . .      Faith    .   (no shield)
rNeg    . . .      Spirit   .   b - +0 robe
rPois   .          Reflect  .   c - +0 hat
rElec   .          Harm     .   k - +0 cloak
rCorr   .          Rampage  +   (no gloves)
Will    .....                   m - +1 pair of boots {rampage}
Stlth   ++........              (no amulet)
HPRegen 0.08/turn               (no ring)
MPRegen 0.10/turn               (no ring)

@: no status effects
A: antennae 1
a: no special abilities


You were on level 4 of the Dungeon.
You visited 1 branch of the dungeon, and saw 3 of its levels.

You collected 78 gold pieces.

Inventory:

Hand Weapons
 i - a +3 short sword of venom (weapon)
Armour
 b - a +0 robe (worn)
 c - a +0 hat (worn)
 k - a +0 cloak (worn)
 m - a +1 pair of boots of rampaging (worn)
Scrolls
 a - a scroll of vulnerability {unknown}
 h - a scroll of poison {unknown}
 j - a scroll of magic mapping {unknown}
Potions
 d - 2 potions of magic
 e - a potion of mutation {unknown}
 f - a potion of berserk rage {unknown}
 g - a potion of curing
 l - 2 potions of heal wounds {unknown}


   Skills:
 + Level 0.3 Fighting
 + Level 2.3 Short Blades
 - Level 1.7 Dodging
 + Level 1.9 Stealth
 - Level 3.0 Spellcasting
 - Level 1.0 Conjurations
 - Level 1.0 Summonings
 - Level 0.8 Translocations


You had 7 spell levels left.
You knew the following spells:

 Your Spells              Type           Power      Damage    Failure   Level
a - Magic Dart            Conj           20%        1d4       13%         1

Your spell library contained the following spells:

 Spells                   Type           Power      Damage    Failure   Level
 Slow                     Hex            8%         N/A       21%         1
 Call Imp                 Summ           5%         N/A       21%         2
 Blink                    Tloc           8%         N/A       22%         2
 Conjure Flame            Conj/Fire      3%         6-21      43%         3
 Mephitic Cloud           Conj/Pois/Air  3%         N/A       45%         3


Dungeon Overview and Level Annotations

Branches:
Dungeon (2/15)

Altars:

Annotations:
D:4 Dowan, Duvessa


Innate Abilities, Weirdness & Mutations

You have a pair of small antennae on your head.


Message History

You kill the orc!
Dowan says, "Stay away from my face!"
Duvessa says, "Where magic fails, the sword succeeds!"
Okay, then.
You hit the orc.
The orc is heavily wounded.
The orc barely misses you.
You hit the orc.
You kill the orc!
You hit Duvessa.
Duvessa is poisoned.
Duvessa is lightly wounded.
Duvessa hits you but does no damage.
Dowan mumbles some strange words.
Dowan blinks!
Duvessa hits you but does no damage.
You hit Duvessa.
Duvessa looks as sick as possible!
Duvessa is lightly wounded.
Duvessa barely misses you. Duvessa barely misses you.
You barely miss Duvessa.
Duvessa is lightly wounded.
Duvessa hits you with a +0 short sword.
You are too injured to fight recklessly!
Duvessa hits you with a +0 short sword.
You hit Duvessa but do no damage.
Duvessa is moderately wounded.
Duvessa hits you with a +0 short sword!
* * * LOW HITPOINT WARNING * * *
Okay, then.
It was a potion of curing.
You feel better. Duvessa hits you with a +0 short sword.
* * * LOW HITPOINT WARNING * * *
Duvessa hits you with a +0 short sword.
* * * LOW HITPOINT WARNING * * *
You aren't carrying any items that you can evoke.
Okay, then.
Duvessa attacks as you move away! Duvessa hits you with a +0 short sword.
* * * LOW HITPOINT WARNING * * *
You feel better. Duvessa hits you with a +0 short sword. The orc misses you.
Duvessa hits you with a +0 short sword!
You die...

#.# #$.# # #.# #..#
####.##.# #..#
.....J..# #..#
........#####..#
####...e.†J)e..#
##########J.# #eo#
#@.# #..# #..######
.##########........
............#######
.############


You could see Duvessa (fast, very poisoned), Dowan, an orc and an endoplasm.

Vanquished Creatures
  2 orcs (D:4)
  2 endoplasms (D:1)
  A giant cockroach (D:1)
  4 hobgoblins
  4 jackals
  3 quokkas
  A ball python (D:1)
  3 bats
  2 frilled lizards (D:1)
  A goblin (D:1)
  2 kobolds
  2 rats (D:1)
27 creatures vanquished.

Notes
Turn   | Place    | Note
-------+----------+-------------------------------------------
     0 | D:1      | frimble the Demonspawn Hedge Wizard began the quest for the
                  | Orb.
     0 | D:1      | Reached XP level 1. HP: 13/13 MP: 4/4
   332 | D:1      | Reached skill level 1 in Short Blades
   529 | D:1      | Gained mutation: You have a pair of small antennae on your
                  | head. [demonic ancestry]
   529 | D:1      | Reached XP level 2. HP: 11/19 MP: 3/6
   784 | D:1      | Found a faded altar of an unknown god.
  1989 | D:2      | You fall into a shaft and drop 2 floors!
  2005 | D:4      | Reached XP level 3. HP: 24/24 MP: 7/7
  2006 | D:4      | Noticed Duvessa
  2006 | D:4      | Noticed Dowan
  2026 | D:4      | Slain by Duvessa

Illustrated notes

Levels and vault maps discovered:
D:1:      eino_arrival_tree_alley, layout_loops_corners,
          ebering_ecumenical_altar_rust
D:2:      layout_rooms, minmay_distorted
D:4:      layout_loops_ring, marbit_many_paths, vehumet_altar_wand_db,
          minmay_temple_entry_overgrown, uniq_duvessa

Skill      XL: |  1  2 |
---------------+-------+-----
Short Blades   | 1 2 |  2.3
Fighting       | |  0.3
Dodging        | |  1.7
Stealth        | |  1.9
Spellcasting   | |  3.0
Conjurations   | |  1.0
Summonings     | |  1.0
Translocations | |  0.8

Action                   || total
-------------------------++-------
Melee: Dagger            ||    46
       Short sword       ||    41
       Punch             ||     1
 Cast: Magic Dart        ||     9
  Use: Scroll            ||     3
       Potion            ||     2
 Stab: Sleeping          ||     2
       Distracted        ||     1
Armor: Robe              ||    16
Dodge: Dodged            ||    50

Table legend: (Time is in decaauts)
 A = Elapsed time spent in this place.
 B = Non-inter-level travel time spent in this place.
 C = Inter-level travel time spent in this place.
 D = Time resting spent in this place.
 E = Time spent auto-exploring this place.
 F = Levels seen in this place.
 G = Mean time per level.
                   A        B        C        D        E       F      G
               +--------+--------+--------+--------+--------+-----+--------+
         Total |   2022 |   1973 |     49 |      0 |   1729 |   3 |  674.0 |
       Dungeon |   2022 |   1973 |     49 |      0 |   1729 |   3 |  674.0 |
               +--------+--------+--------+--------+--------+-----+--------+

Top non-repeatable levels by time:
     D:1: 1728 daAuts
     D:2: 257 daAuts
     D:4: 36 daAuts
